Map: Hills of Peshkov

Players

Grumm

  • Race: Zerg Zerg
  • League: Gold
  • Spawn Location: 1:00

AnonymouS

  • Race: Protoss Protoss
  • League: Gold
  • Spawn Location: 12:00

winnerxing

  • Race: Terran Terran
  • Spawn Location: 11:00

bbs

  • Race: Terran Terran
  • Spawn Location: 5:00

mAdCraft

  • Race: Zerg Zerg
  • Spawn Location: 6:00

Painism

  • Race: Terran Terran
  • League: Diamond
  • Spawn Location: 7:00

VOD

Have the link to the VOD?

Description

Time

  • Played on: Jan. 4, 2016, 1:53 a.m.
  • Length: 12:20
Show
View Real Time Build Order
Export as new Build Order

Grumm Zerg 

Build Orders: Hatch First 

Get SALT Encoding   

  12  0:30  Drone  
  12  0:35  Drone, Hatchery  
  13  0:43  Drone  
  14  0:51  Overlord  
  14  1:10  Drone x2  
  16  1:17  Spawning Pool  
  15  1:18  Drone  
  16  1:28  Drone  
  17  1:39  Extractor  
  16  1:41  Drone, Extractor  
  16  1:47  Drone x2  
  18  2:00  Drone  
  19  2:04  Queen  
  19  2:06  Queen  
  23  2:16  Drone x3  
  23  2:20  Overlord  
  26  2:25  Overlord  
  26  2:33  Drone x2  
  28  2:44  Spine Crawler  
  27  2:55  Spine Crawler  
  26  2:58  Evolution Chamber  
  26  3:01  Evolution Chamber  
  26  3:04  Evolution Chamber  
  26  3:05  Drone x3  
  26  3:25  Zergling x6  
  26  3:26  Zergling x6  
  32  3:32  Extractor  
  31  3:35  Extractor  
  31  3:36  Drone x2  
  32  3:49  Roach Warren  
  31  4:10  Metabolic Boost  
  31  4:15  Drone  
  31  4:16  Drone x5  
  37  4:43  Drone  
  37  4:44  Drone x4  
  42  5:01  Spore Crawler  
  42  5:05  Spore Crawler  
  42  5:06  Spore Crawler  
  39  5:07  Drone  
  39  5:08  Drone x4  
  39  5:10  Overlord  
  38  5:22  Zergling x2  
  38  5:23  Roach  
  38  5:24  Roach  
  36  5:38  Roach x3  
  38  5:50  Roach x4  
  44  6:10  Drone x3  
  44  6:11  Drone  
  47  6:29  Zerg Missile Weapons Level 1  
  47  6:33  Hatchery  
  47  6:37  Zerg Ground Armor Level 1  
  46  6:41  Roach  
  48  7:11  Roach x2  
  48  7:12  Overlord  
  52  7:17  Extractor  
  52  7:19  Spore Crawler x2  
  52  7:20  Spore Crawler  
  52  7:22  Spore Crawler  
  43  7:23  Queen  
  43  7:26  Spore Crawler  
  43  7:39  Zergling x6  
  46  7:50  Zergling x2  
  46  7:51  Zergling x2  
  48  8:05  Drone x3  
  47  8:20  Drone x3  
  50  8:59  Zergling x2  
  50  9:00  Zergling x18  
  55  9:24  Zergling x16  
  43  9:52  Zergling x2  
  40  9:53  Zergling x10  
  42  10:04  Zergling x2  
  42  10:05  Zergling x4  
  44  10:07  Queen  
  30  10:46  Roach  
  30  10:47  Roach x11  
  54  10:52  Lair  
  54  11:07  Roach x3  
  54  11:08  Roach x2  
  64  11:15  Overlord x2  
  65  11:18  Drone  
  64  11:49  Roach x5  
  64  11:51  Overlord  
  64  11:52  Overlord  
Show
View Real Time Build Order
Export as new Build Order

AnonymouS Protoss 

Build Orders: Colossus Rush 

Get SALT Encoding   

  12  0:02  Probe (Chrono Boost)  
  13  0:13  Probe (Chrono Boost)  
  14  0:23  Probe (Chrono Boost)  
  14  0:25  Pylon  
  15  0:43  Forge  
  15  0:44  Probe (Chrono Boost)  
  16  0:54  Probe (Chrono Boost)  
  16  0:57  Gateway  
  17  1:05  Probe (Chrono Boost)  
  18  1:19  Probe (Chrono Boost)  
  19  1:34  Pylon  
  19  1:39  Probe (Chrono Boost)  
  20  1:44  Assimilator  
  20  1:48  Assimilator  
  20  1:51  Cybernetics Core  
  20  1:59  Photon Cannon  
  20  2:03  Pylon  
  19  2:30  Probe (Chrono Boost)  
  19  2:33  Photon Cannon  
  20  2:43  Photon Cannon  
  20  2:55  Nexus  
  20  2:56  Probe (Chrono Boost)  
  21  3:00  Pylon  
  21  3:03  Pylon  
  21  3:06  Assimilator  
  21  3:07  Mothership Core (Chrono Boost)  
  23  3:19  Assimilator  
  23  3:22  Photon Cannon  
  23  3:32  Robotics Facility  
  23  3:44  Probe (Chrono Boost)  
  24  3:50  Warp Gate (Chrono Boost)  
  24  3:55  Probe  
  25  4:08  Pylon  
  25  4:21  Robotics Facility  
  25  4:24  Robotics Bay  
  25  4:25  Pylon  
  25  4:43  Immortal  
  29  4:49  Gateway  
  29  4:52  Probe x2  
  31  5:04  Protoss Ground Weapons Level 1 (Chrono Boost)  
  31  5:08  Probe  
  31  5:10  Probe  
  33  5:22  Probe  
  33  5:28  Pylon  
  34  5:36  Colossus  
  40  6:02  Probe  
  41  6:04  Probe  
  42  6:13  Probe  
  42  6:16  Probe  
  44  6:19  Colossus  
  44  6:21  Gateway  
  44  6:23  Probe  
  51  6:28  Probe  
  52  6:33  Pylon  
  52  6:34  Probe  
  52  6:35  Stalker x2  
  57  6:40  Probe  
  57  6:41  Extended Thermal Lance  
  57  6:45  Probe  
  59  6:52  Probe  
  60  7:02  Protoss Shields Level 1 (Chrono Boost)  
  60  7:06  Probe x2  
  62  7:18  Probe x2  
  62  7:20  Stalker  
  62  7:21  Stalker x2  
  68  7:44  Stalker x2  
  68  7:45  Stalker  
  74  7:51  Probe x2  
  74  7:57  Twilight Council  
  76  8:03  Probe x2  
  78  8:38  Pylon  
  78  8:40  Pylon  
  78  8:41  Colossus  
  73  8:42  Pylon  
  73  8:44  Colossus  
  73  8:46  Dark Shrine  
  73  8:47  Gateway  
  72  8:50  Probe x2  
  72  8:51  Gateway  
  74  9:02  Probe x2  
  76  9:14  Probe x2  
  74  9:26  Probe  
  75  9:37  Colossus x2  
  57  9:40  Probe  
  57  10:00  Dark Templar x2  
  61  10:15  Archon  
  61  10:27  Dark Templar x3  
  67  10:31  Colossus x2  
  73  10:56  Stalker  
  75  10:57  Probe  
  76  11:05  Archon  
  76  11:07  Stalker x2  
  76  11:09  Probe  
  81  11:21  Probe  
  81  11:24  Colossus  
  88  11:50  Dark Templar x2  
  88  11:51  Dark Templar  
  88  11:52  Stalker  
  88  11:53  Stalker  
  98  11:55  Archon  
  98  11:56  Archon  
  97  12:17  Dark Templar x2  
Show
View Real Time Build Order
Export as new Build Order

winnerxing Terran 

Build Orders: Command Center First (CC), MMM Bio 

Get SALT Encoding   

  12  0:01  SCV  
  13  0:13  SCV  
  14  0:25  SCV  
  15  0:28  Supply Depot  
  15  0:50  SCV  
  16  1:02  SCV  
  16  1:04  Command Center  
  17  1:17  Barracks  
  17  1:19  SCV  
  18  1:39  Barracks  
  18  1:44  Barracks  
  19  1:47  SCV  
  19  2:04  Supply Depot  
  19  2:06  Marine  
  20  2:12  Bunker  
  20  2:15  Orbital Command  
  20  2:31  Marine  
  20  2:32  Orbital Command  
  21  2:42  Marine  
  22  2:45  SCV  
  22  2:48  Refinery  
  22  2:50  Refinery  
  23  2:54  Marine x2  
  24  3:05  SCV x2  
  24  3:11  Engineering Bay  
  26  3:18  SCV  
  26  3:19  Marine x2  
  29  3:23  SCV  
  30  3:30  SCV  
  31  3:35  SCV  
  31  3:37  Barracks Tech Lab  
  32  3:42  Missile Turret, SCV  
  33  3:55  Barracks Tech Lab  
  33  3:57  SCV  
  33  3:58  SCV  
  33  3:59  Stimpack  
  35  4:04  Barracks Reactor  
  35  4:09  SCV  
  36  4:10  SCV  
  36  4:14  Combat Shields  
  37  4:20  Marine x2  
  37  4:22  SCV x2  
  41  4:34  SCV x2  
  41  4:36  Factory  
  43  4:41  Marine x2  
  43  4:45  Supply Depot  
  45  4:46  Supply Depot, SCV  
  46  4:54  SCV  
  46  4:56  Marine x2  
  46  4:58  SCV  
  46  4:59  Marine  
  51  5:00  Marine  
  51  5:06  SCV  
  53  5:10  SCV  
  53  5:12  Supply Depot, Command Center  
  54  5:18  SCV  
  54  5:21  Marine x2  
  57  5:22  SCV  
  57  5:25  Factory Reactor  
  57  5:27  Starport  
  58  5:30  SCV  
  58  5:34  SCV  
  60  5:42  SCV  
  61  5:46  SCV  
  59  5:56  SCV  
  58  5:58  SCV  
  58  6:05  Marine  
  58  6:06  Marine x2  
  58  6:07  Widow Mine x2  
  58  6:08  Medivac  
  66  6:12  SCV x2  
  66  6:15  Concussive Shells  
  68  6:24  Marine x2  
  70  6:30  Supply Depot  
  70  6:31  Supply Depot  
  70  6:35  Missile Turret  
  70  6:37  Refinery x2  
  70  6:45  Missile Turret  
  70  6:47  Missile Turret  
  70  6:48  Medivac  
  70  6:51  Command Center  
  70  6:54  Supply Depot  
  72  6:55  Supply Depot  
  72  6:56  Missile Turret  
  72  7:04  SCV x2  
  72  7:05  Marine x2  
  76  7:14  Barracks  
  76  7:17  Terran Infantry Weapons Level 1, Barracks  
  76  7:24  Missile Turret  
  76  7:26  Marine x2  
  76  7:27  Marine  
  79  7:32  Missile Turret  
  79  7:36  Missile Turret, Starport Reactor  
  79  7:50  Marine x3  
  79  7:51  Marine  
  83  8:06  Barracks Reactor  
  83  8:07  Barracks Reactor  
  83  8:12  Marine x2  
  85  8:20  Engineering Bay  
  85  8:21  Marine  
  85  8:22  Marine  
  85  8:23  Armory  
  85  8:26  Medivac x2, Missile Turret  
  90  8:39  Marauder  
  66  8:44  Widow Mine x2  
  66  8:45  Marine x2  
  68  8:52  Marine  
  65  9:00  Marine  
  59  9:11  Marine  
  58  9:27  Marine  
  58  9:45  Barracks  
  58  9:47  Barracks x2  
  58  9:50  Factory Tech Lab  
Show
View Real Time Build Order
Export as new Build Order

bbs Terran 

Build Orders:  

Get SALT Encoding   

  12  0:01  SCV  
  13  0:13  SCV  
  14  0:23  Supply Depot  
  14  0:25  SCV  
  15  0:29  Refinery  
  15  0:46  SCV, Barracks  
  16  0:57  Refinery  
  16  0:58  SCV  
  17  1:11  SCV  
  18  1:28  SCV  
  19  1:37  Factory  
  19  1:44  Orbital Command  
  19  1:55  Barracks Tech Lab  
  19  2:38  Starport  
  19  2:46  Siege Tank  
  19  2:50  Supply Depot  
  22  2:55  SCV  
  23  3:02  Engineering Bay  
  23  3:07  SCV  
  24  3:18  Medivac, Siege Tank  
  24  3:19  SCV  
  30  3:31  SCV  
  30  3:32  Missile Turret  
  31  3:36  Supply Depot  
  31  3:45  SCV  
  31  3:48  Medivac  
  34  4:03  Siege Tank  
  34  4:06  Missile Turret  
  37  4:18  Medivac  
  39  4:47  Command Center  
  39  4:50  Siege Tank  
  42  4:58  SCV  
  43  5:03  Supply Depot  
  43  5:11  SCV  
  44  5:22  Siege Tank  
  44  5:23  SCV  
  48  5:35  SCV  
Show
View Real Time Build Order
Export as new Build Order

mAdCraft Zerg 

Build Orders: Pool First, Zergling Baneling 

Get SALT Encoding   

  12  0:02  Drone  
  13  0:08  Drone  
  14  0:27  Spawning Pool  
  13  0:33  Overlord  
  13  0:38  Extractor  
  13  0:40  Drone  
  13  0:44  Drone  
  14  0:52  Drone  
  14  0:56  Drone  
  16  1:07  Drone  
  17  1:14  Queen  
  19  1:19  Overlord  
  19  1:28  Drone  
  20  1:39  Drone  
  21  1:40  Metabolic Boost  
  21  1:50  Zergling x2  
  22  2:05  Zergling x2  
  23  2:10  Hatchery  
  22  2:20  Zergling x2  
  23  2:24  Zergling x4  
  23  2:26  Zergling x2  
  23  2:27  Zergling x2  
  27  3:06  Baneling Nest  
  27  3:09  Zergling x6  
  27  3:10  Overlord x2  
  29  3:21  Queen  
  29  3:23  Drone  
  32  3:30  Lair  
  32  3:32  Zergling x8  
  36  3:36  Extractor  
  36  3:37  Drone  
  36  3:40  Drone  
  37  4:09  Baneling x4  
  36  4:10  Baneling x6  
  36  4:15  Drone  
  36  4:16  Drone x2  
  39  4:24  Drone  
  39  4:25  Drone x3  
  39  4:28  Drone  
  39  4:31  Extractor  
  43  5:03  Drone x3  
  43  5:04  Drone  
  47  5:11  Spire  
  39  5:53  Drone x3, Extractor  
  39  5:54  Drone x8  
  39  5:55  Drone x2  
  51  5:57  Overlord  
  51  5:58  Overlord  
  45  6:24  Mutalisk x4  
  45  6:25  Mutalisk x2  
  57  6:28  Mutalisk x2  
  61  6:39  Zerg Flyer Weapons Level 1  
  61  6:43  Overlord x2  
  61  7:03  Hatchery  
  61  7:04  Mutalisk x3  
  61  7:07  Hatchery  
  61  7:08  Mutalisk  
  67  7:39  Mutalisk x2  
  67  7:40  Mutalisk x2  
  73  8:10  Zergling x4  
  73  8:11  Zergling x8  
  77  8:19  Drone, Queen  
  80  8:27  Queen  
  80  8:28  Drone  
  80  8:34  Zerg Flyer Armor Level 1  
  83  8:53  Mutalisk x4  
  83  8:54  Mutalisk x2  
  91  9:18  Queen  
  91  9:22  Extractor  
  84  9:28  Drone x3  
  83  9:36  Drone x3  
  86  9:44  Queen  
  85  9:46  Mutalisk x3  
  85  9:47  Mutalisk  
  86  10:04  Drone x3  
  87  10:21  Queen  
  87  10:22  Drone x4  
  87  10:23  Drone x2  
  87  10:25  Overlord x2  
  87  10:26  Overlord x2  
  91  10:45  Spine Crawler, Queen  
  91  10:46  Spine Crawler x3  
  89  10:52  Spine Crawler  
  89  10:55  Spine Crawler  
  89  10:56  Drone x4  
  91  10:58  Spine Crawler  
  90  11:06  Mutalisk x5  
  90  11:07  Mutalisk x8  
  90  11:08  Mutalisk x2  
Show
View Real Time Build Order
Export as new Build Order

Painism Terran 

Build Orders: Reaper Expand, Bio Tank 

Get SALT Encoding   

  12  0:02  SCV  
  13  0:14  SCV  
  14  0:23  Supply Depot  
  14  0:28  Refinery, SCV  
  15  0:45  SCV  
  15  0:49  Barracks  
  16  0:57  SCV  
  17  1:09  SCV  
  18  1:21  SCV  
  19  1:35  Orbital Command  
  19  1:39  Reaper  
  20  1:40  Supply Depot  
  20  1:55  Command Center  
  20  2:02  SCV  
  21  2:14  Factory  
  21  2:16  SCV, Barracks Reactor  
  22  2:28  SCV  
  23  2:40  SCV  
  23  2:41  Refinery  
  24  2:52  Engineering Bay, SCV  
  25  3:03  Marine x2  
  25  3:04  SCV  
  25  3:05  Factory Tech Lab  
  27  3:08  Orbital Command  
  27  3:22  Missile Turret  
  27  3:23  Marine x2  
  27  3:25  Siege Tank  
  32  3:29  Starport  
  32  3:30  SCV  
  33  3:35  Orbital Command  
  33  3:42  SCV  
  33  3:47  Marine x2  
  36  3:54  SCV  
  37  3:58  Barracks  
  37  4:00  Barracks  
  37  4:04  SCV  
  37  4:07  SCV  
  39  4:10  Medivac  
  39  4:15  Marine x2  
  39  4:16  SCV  
  44  4:28  Siege Tank  
  44  4:29  SCV  
  44  4:30  SCV  
  49  4:32  Supply Depot  
  49  4:33  Marine x2  
  51  4:41  Missile Turret  
  51  4:43  Medivac  
  53  4:46  Barracks Tech Lab  
  53  4:47  Barracks Reactor  
  53  4:49  SCV  
  54  4:54  Marine  
  54  4:56  SCV  
  54  4:57  Supply Depot  
  56  5:01  SCV  
  57  5:07  Stimpack  
  57  5:09  SCV  
  58  5:16  Command Center  
  58  5:20  SCV  
  58  5:21  Medivac, SCV  
  62  5:22  Siege Tank  
  65  5:33  Marine, SCV x2  
  65  5:34  Supply Depot, Marine x2  
  65  5:35  Supply Depot  
  70  5:55  Marine x5, Terran Infantry Weapons Level 1, Barracks  
  70  5:56  Barracks x2  
  75  6:08  SCV x2  
  75  6:09  Siege Tank  
  73  6:16  Starport Reactor  
  73  6:20  Supply Depot  
  73  6:23  Marine x3  
  76  6:28  Marine  
  76  6:29  Marine  
  76  6:31  Missile Turret  
  76  6:32  Orbital Command  
  78  6:41  Marine x3, Siege Tank  
  78  6:46  Marine x2  
  87  6:47  Barracks Reactor x2  
  87  6:49  Barracks Tech Lab  
  87  6:54  SCV x2  
  88  6:58  Refinery  
  88  6:59  Engineering Bay, Refinery, Marine x3, SCV  
  88  7:00  Armory  
  92  7:03  Supply Depot  
  92  7:04  Marine x2  
  92  7:06  SCV  
  92  7:08  Medivac x2  
  99  7:10  Orbital Command  
  99  7:17  Marine x3  
  99  7:18  SCV  
  99  7:21  Marine  
  99  7:22  Combat Shields, Marine x2  
  106  7:25  Concussive Shells  
  106  7:26  Marine x4  
  110  7:34  Marine  
  110  7:35  Marine x2  
  113  7:38  Supply Depot  
  113  7:39  Marine  
  113  7:40  Supply Depot x2, Marine x2  
  113  7:42  Supply Depot  
  113  7:43  Terran Infantry Armor Level 1  
  113  7:44  Marine  
  117  8:00  Medivac, Marine x4, SCV x2  
  117  8:01  Medivac, Marine, SCV, Siege Tank  
  132  8:08  Refinery x2  
  132  8:10  Marine x4  
  132  8:11  Marine  
  132  8:12  SCV x2  
  139  8:13  SCV  
  139  8:16  Terran Infantry Weapons Level 2  
  139  8:18  Marine  
  141  8:20  Supply Depot  
  141  8:24  Supply Depot, Marine, SCV x2  
  141  8:25  Supply Depot, Marine x3, SCV  
  148  8:28  Marine  
  149  8:37  Marine  
  149  8:38  Marine  
  149  8:39  Marine x2  
  149  8:41  Marine  
  149  8:42  Marine x2  
  149  8:43  Marine  
  149  8:46  Marine x2  
  155  8:55  Marine  
  154  8:56  Marine  
  154  8:57  Marine x2  
  154  8:58  Medivac, Siege Tank  
  154  8:59  Medivac, Marine  
  154  9:00  Marine x3  
  168  9:07  Marine x2  
  168  9:13  Marine  
  168  9:14  Marine  
  168  9:15  Marine x2  
  168  9:16  Marine  
  172  9:20  Marine  
  172  9:21  Marine  
  172  9:22  Marine  
  168  9:25  Marine x2  
  168  9:28  Medivac  
  168  9:30  Marine  
  160  9:32  Marauder, Marine  
  160  9:33  Marine  
  160  9:35  Marauder  
  160  9:36  Siege Tank  
  160  9:37  Medivac  
  163  9:38  Marine  
  163  9:39  Marine x2  
  163  9:43  Marine x2  
  168  9:48  Marine  
  168  9:50  Marine  
  168  9:51  Marine  
  171  9:53  Marauder  
  171  9:56  Marine x2  
  171  9:57  Marine  
  171  9:59  Marine  
  173  10:01  Marine  
  173  10:04  Marine  
  173  10:05  Medivac  
  173  10:06  Marine  
  173  10:11  Marine x2  
  173  10:14  Marine  
  173  10:15  Marine  
  173  10:20  Command Center  
  173  10:22  Marine  
  173  10:23  Command Center, Marauder  
  173  10:28  Marine  
  173  10:31  Medivac, Marauder  
  173  10:41  Starport  
  173  10:52  Medivac, Siege Tank  
  172  10:58  Marine  
  173  11:21  Armory  
  173  11:22  Supply Depot  
  173  11:23  Supply Depot  
  173  11:28  Starport Reactor  
  173  11:29  Starport  
  173  11:31  Marine x7  
  173  11:32  Marine x3  
  189  11:49  Marine x5  
  189  11:50  Marauder x2  
  189  11:52  Orbital Command x2  
  192  12:17  Starport Reactor  
Tags
 
Add a new tag
Caveats
  • Supply blocks, unpowered buildings, or Contaminate may cause inaccurate times.
  • Supply counts are checked every 10 seconds.